 Dungeon Crawl Stone Soup version 0.27-a0-1188-g73eefd5def (webtiles) character file.

Game seed: 15561638851491254855

43 flotson the Covert (level 3, -2/35 HPs)
             Began as a Gnoll Delver on May 20, 2021.
             Slain by an orc priest
             ... wielding a +0 flail
              (5 damage)
             ... on level 4 of the Dungeon.
             The game lasted 00:00:52 (271 turns).

flotson the Covert (Gnoll Delver)                    Turns: 271, Time: 00:00:52

Health: -2/35      AC:  3    Str: 12    XL:     3   Next: 58%
Magic:  4/4        EV: 13    Int:  9    God:
Gold:   6          SH:  0    Dex: 13    Spells: 3/3 levels left

rFire    . . .     SeeInvis .   a - +0 war axe
rCold    . . .     Faith    .   (no shield)
rNeg     . . .     Spirit   .   b - +0 leather armour
rPois    .         Reflect  .   (no helmet)
rElec    .         Harm     .   (no cloak)
rCorr    .         Rampage  .   (no gloves)
Will     .....                  (no boots)
Stlth    ++++......             (no amulet)
HPRegen  0.11/turn              (no ring)
MPRegen  0.09/turn              (no ring)

@: lethally poisoned (-2 -> -4), hasted, very quick
A: fangs 1, strong nose, distributed training
a: no special abilities


You were on level 4 of the Dungeon.
You visited 1 branch of the dungeon, and saw 2 of its levels.

You collected 6 gold pieces.

Inventory:

Hand Weapons
 a - a +0 war axe (weapon)
Armour
 b - a +0 leather armour (worn)
Wands
 g - a wand of digging (3)
Scrolls
 c - a scroll of fog
 e - a scroll of fear


   Skills:
 + Level 6.5 Fighting
 + Level 0.8 Short Blades
 + Level 0.8 Long Blades
 + Level 0.8 Axes
 + Level 0.8 Maces & Flails
 + Level 4.5 Polearms
 + Level 0.8 Staves
 + Level 0.8 Slings
 + Level 0.8 Bows
 + Level 0.8 Crossbows
 + Level 0.8 Throwing
 + Level 0.8 Armour
 + Level 4.5 Dodging
 + Level 9.5 Stealth
 + Level 0.8 Shields
 + Level 0.8 Unarmed Combat
 + Level 0.8 Spellcasting
 + Level 0.5 Conjurations
 + Level 0.5 Hexes
 + Level 0.5 Summonings
 + Level 0.5 Necromancy
 + Level 0.5 Translocations
 + Level 0.5 Transmutations
 + Level 0.5 Fire Magic
 + Level 0.5 Ice Magic
 + Level 0.5 Air Magic
 + Level 0.5 Earth Magic
 + Level 0.5 Poison Magic
 + Level 1.0 Invocations
 + Level 0.8 Evocations


You had 3 spell levels left.
You didn't know any spells.
Your spell library was empty.

Dungeon Overview and Level Annotations

Branches:
Dungeon (5/15)
 Temple: D:4-7

Altars:


Innate Abilities, Weirdness & Mutations

You have very sharp teeth.
Your uncanny sense of smell can sniff out nearby items.
Your experience applies equally to all skills.


Message History

You barely miss the orc priest. The orc priest misses you.
The orc priest hits you with a +0 flail.
You barely miss the orc priest.
The orc priest is severely wounded.
You hit the orc but do no damage. You hit the orc.
You closely miss the orc priest.
The orc priest calls upon Beogh to heal the orc.
The orc's wounds heal themselves!
The orc priest hits you with a +0 flail.
The orc closely misses you.
You completely miss the orc priest.
The orc priest is severely wounded.
You barely miss the adder.
You hit the orc priest but do no damage.
You hit the orc. You barely miss the orc. The adder bites you.
You are poisoned.
The adder poisons you! The orc priest closely misses you.
The orc closely misses you.
The orc priest hits you but does no damage.
You barely miss the orc priest.
The orc priest is severely wounded.
You slash the orc!
You kill the orc!
You hit the orc. You hit the orc but do no damage. You hit the orc priest.
You closely miss the adder.
You feel sick. The adder closely misses you. The orc barely misses you.
The orc priest closely misses you. The orc closely misses you.
The orc priest hits you with a +0 flail.
* * * LOW HITPOINT WARNING * * *
You hit the orc priest but do no damage.
The orc priest is severely wounded.
You slash the adder! You hit the orc priest.
You kill the orc priest!
You hit the orc. You closely miss the orc.
You feel sick. The adder bites you.
* * * LOW HITPOINT WARNING * * *
The adder closely misses you. The orc hits you with a +0 club.
* * * LOW HITPOINT WARNING * * *
The orc barely misses you.
The orc priest hits you with a +0 flail.
You die...

# #. ##.#
#+## #⌠.⌠#
#⌠.⌠#
#...###...#
#..)oo..#
#.S@).#
##⌠o⌠##
#####


You could see an orc priest, an adder and 2 orcs.

Vanquished Creatures
  An orc priest (D:4)
  A bullfrog skeleton (D:5)
  A hound skeleton (D:5)
  An orc (D:4)
4 creatures vanquished.

Notes
Turn   | Place    | Note
-------+----------+-------------------------------------------
     0 | D:5      | Reached skill level 9 in Stealth
     0 | D:5      | flotson the Gnoll Delver began the quest for the Orb.
     0 | D:5      | Reached XP level 1. HP: 23/23 MP: 1/1
    24 | D:5      | Reached XP level 2. HP: 14/29 MP: 2/2
   189 | D:5      | Reached skill level 1 in Invocations
   189 | D:5      | Reached XP level 3. HP: 31/35 MP: 2/4
   234 | D:5      | Noticed an ogre
   239 | D:5      | Noticed a gargoyle
   271 | D:4      | Slain by an orc priest

Illustrated notes

Levels and vault maps discovered:
D:4:      layout_rooms, st_stairs_4, hangedman_abyss_or_decor_lesser_grid,
          grunt_ministairs_8, chequers_decorated_corner, uniq_ijyb
D:5:      layout_loops_cross, chequers_serial_rivers_room_a,
          minmay_fractal_squares_gapless_5, uniq_grinder, uniq_menkaure,
          uniq_duvessa

Skill      XL: |  1  2 |
---------------+-------+-----
Stealth        | |  9.5
Invocations    | 1 |  1.0
Fighting       | |  6.5
Short Blades   | |  0.8
Long Blades    | |  0.8
Axes           | |  0.8
Maces & Flails | |  0.8
Polearms       | |  4.5
Staves         | |  0.8
Slings         | |  0.8
Bows           | |  0.8
Crossbows      | |  0.8
Throwing       | |  0.8
Armour         | |  0.8
Dodging        | |  4.5
Shields        | |  0.8
Unarmed Combat | |  0.8
Spellcasting   | |  0.8
Conjurations   | |  0.5
Hexes          | |  0.5
Summonings     | |  0.5
Necromancy     | |  0.5
Translocations | |  0.5
Transmutations | |  0.5
Fire Magic     | |  0.5
Ice Magic      | |  0.5
Air Magic      | |  0.5
Earth Magic    | |  0.5
Poison Magic   | |  0.5
Evocations     | |  0.8

Action                   || total
-------------------------++-------
Melee: War axe           ||    17
       Bite              ||     2
  Use: Scroll            ||     1
       Potion            ||     1
 Stab: Sleeping          ||     1
Armor: Leather armour    ||     4
Dodge: Dodged            ||    18

Table legend: (Time is in decaauts)
 A = Elapsed time spent in this place.
 B = Non-inter-level travel time spent in this place.
 C = Inter-level travel time spent in this place.
 D = Time resting spent in this place.
 E = Time spent auto-exploring this place.
 F = Levels seen in this place.
 G = Mean time per level.
                   A        B        C        D        E       F      G
               +--------+--------+--------+--------+--------+-----+--------+
         Total |    269 |    269 |      0 |      0 |    210 |   2 |  134.5 |
       Dungeon |    269 |    269 |      0 |      0 |    210 |   2 |  134.5 |
               +--------+--------+--------+--------+--------+-----+--------+

Top non-repeatable levels by time:
     D:5: 263 daAuts
     D:4: 5 daAuts
